[Event "Early-Titled-Tuesday-Blitz-February-13-2024"]
[Site "Chess.com"]
[Date "2024.02.13"]
[Round "10"]
[White "Iskusnyh"]
[Black "TitarovVasiliYouTube"]
[Result "1-0"]
[WhiteElo "2662"]
[BlackElo "2519"]
[TimeControl "180+1"]
[EndTime "9:59:35 PST"]
[Termination "Iskusnyh won on time"]

1. d4 d6 2. Nf3 Nf6 3. c4 Bg4 4. Qb3 Qc8 5. g3 e6 6. Bg2 c6 7. O-O Nbd7 8. Nc3 Bxf3 9. Bxf3 d5 10. Bf4 Be7 11. Rac1 dxc4 12. Qxc4 O-O 13. e4 Qd8 14. Rfd1 Qa5 15. a3 Rfd8 16. Qb3 Qb6 17. Qc2 Qa5 18. Bd2 Qa6 19. Be3 Rac8 20. h4 h6 21. h5 Qa5 22. e5 Nd5 23. Nxd5 exd5 24.
Qf5 Nf8 25. Qg4 Kh8 26. Be2 Qc7 27. Bd3 Qd7 28. Qf3 Qe8 29. Kg2 b6 30. Bf5 Ne6 31.
Qg4 Qg8 32. Rc2 c5 33. dxc5 bxc5 34. b4 d4 35. Bc1 cxb4 36. axb4 Rxc2 37. Bxc2 Bxb4 38.
f4 Rc8 39. Bd3 Qd8 40. f5 Ng5 41. f6 Qd5+ 42. Kf2 Rg8 43. Bxg5 hxg5 44. Qf5 Qa2+ 45. Kf3 g6 46. hxg6 1-0

[Event "Early-Titled-Tuesday-Blitz-February-13-2024"]
[Site "Chess.com"]
[Date "2024.02.13"]
[Round "10"]
[White "Payyappat"]
[Black "Balla_Tamas"]
[Result "1-0"]
[WhiteElo "2565"]
[BlackElo "2404"]
[TimeControl "180+1"]
[EndTime "9:59:35 PST"]
[Termination "Payyappat won on time"]

1. e4 c5 2. Nf3 Nc6 3. d4 cxd4 4. Nxd4 e5 5. Nb5 d6 6. c4 Be7 7. N1c3 a6 8. Na3 f5 9. Bd3 f4 10. Nd5 Nh6 11. Qh5+ Nf7 12. Bd2 O-O 13. Bc3 Nh6 14. h3 Be6 15. O-O-O Rc8 16. c5 dxc5 17. Bc4 Nd4 18.
Qxe5 Bd6 19. Ne7+ Qxe7 20. Bxe6+ Kh8 21. Qd5 b5 22. e5 Bb8 23. Bxc8 Rxc8 24. Bxd4 cxd4+ 25. Kb1 Bxe5 26. Rhe1 Nf7 27. Rxd4 Qf6 28. Rde4 Rd8 29.
Rxe5 Nxe5 30. Qxe5 Qg6+ 31. Nc2 h6 32. Qe4 Qg5 33.
Qe7 Qd5 34. a3 a5 35. Qe4 Qd7 36. Qxf4 b4 37. axb4 Qa4 38. Qc7 Ra8 39. Rd1 axb4 40. Rd8+ Rxd8 41. Qxd8+ Kh7 42. Qd3+ Kh8 43. Nd4 1-0

[Event "Early-Titled-Tuesday-Blitz-February-13-2024"]
[Site "Chess.com"]
[Date "2024.02.13"]
[Round "10"]
[White "bilosuvenosu06"]
[Black "KacperKacprzak"]
[Result "0-1"]
[WhiteElo "2537"]
[BlackElo "2725"]
[TimeControl "180+1"]
[EndTime "9:59:36 PST"]
[Termination "KacperKacprzak won by checkmate"]

1. d4 Nf6 2. c4 e6 3. Nc3 d5 4. Bg5 Be7 5. e3 O-O 6. Nf3 h6 7. Bf4 Nbd7 8. Bd3 dxc4 9. Bxc4 a6 10. O-O b5 11. Bd3 Bb7 12. Rc1 c5 13. Bb1 Rc8 14. h3 Qb6 15. Ne5 Rfd8 16. Qd3 cxd4 17. exd4 Nf8 18. Rfd1 b4 19. Na4 Qa5 20. b3 Qd5 21.
Nf3 Qh5 22. Ne5 Be4 23. Qxa6 Rxc1 24. Rxc1 Bxb1 25. Rxb1 Rxd4 26. Bg3 Ne4 27. Nf3 Rd5 28. Qe2 Nxg3 29. fxg3 Qg6 30. Rd1 Rxd1+ 31. Qxd1 Qxg3 32. Nb2 Ng6 33. Nd3 Qd6 34. Qd2 Qb6+ 35. Kh1 Nf8 36.
Nde5 Qa6 37. Nc4 Qa7 38. Nfe5 Qc5 39. Nd3 Qd4 40. Nde5 Qe4 41. Nd3 Ng6 42. Qe3 Qd5 43. Qe2 Qd4 44. Qe3 Qa1+ 45. Kh2 Qxa2 46. Nc1 Qc2 47. Ne2 Bf6 48. Ng3 Nh4 49. Qe4 Qxb3 50.
Nd6 Qd5 51. Qxb4 Qxg2# 0-1

[Event "Early-Titled-Tuesday-Blitz-February-13-2024"]
[Site "Chess.com"]
[Date "2024.02.13"]
[Round "10"]
[White "UK_23"]
[Black "Mariia89"]
[Result "1-0"]
[WhiteElo "2370"]
[BlackElo "2203"]
[TimeControl "180+1"]
[EndTime "9:59:36 PST"]
[Termination "UK_23 won by checkmate"]

1. e4 c6 2. Nc3 d5 3. Nf3 dxe4 4.
Nxe4 Nf6 5. Qe2 Nxe4 6. Qxe4 Qd5 7. Qf4 Bf5 8. c4 Qe4+ 9. Qxe4 Bxe4 10. Be2 c5 11. d3 Bf5 12. d4 e6 13. Be3 Nd7 14. O-O O-O-O 15. a3 Be4 16. Rfd1 Be7 17. Rac1 Bf6 18.
Ng5 Bg6 19. b4 cxd4 20. Rxd4 Bxd4 21. Bxd4 Rhg8 22. Bxa7 h6 23. Nf3 b6 24. c5 bxc5 25.
Bxc5 Nxc5 26. Rxc5+ Kb7 27. Ne5 Rd2 28. Bf3+ Ka7 29.
Rc7+ Kb8 30. Rb7+ Kc8 31. Ra7 Rc2 32. h4 Rd8 33. Nc6 Rdd2 34. Ne7+ Kb8 35. Rb7+ Ka8 36. a4 e5 37. Rb6+ Ka7 38. a5 e4 39. Bg4 Rc7 40. Nc6+ Ka8 41. Rb8# 1-0

[Event "Early-Titled-Tuesday-Blitz-February-13-2024"]
[Site "Chess.com"]
[Date "2024.02.13"]
[Round "10"]
[White "FoxOnTheRun97"]
[Black "maciek_92"]
[Result "1-0"]
[WhiteElo "2679"]
[BlackElo "2804"]
[TimeControl "180+1"]
[EndTime "9:59:37 PST"]
[Termination "FoxOnTheRun97 won on time"]

1. d4 f5 2. c4 Nf6 3. Nc3 e6 4. g3 Bb4 5. Bg2 O-O 6. Nf3 d6 7. O-O Bxc3 8. bxc3 Nbd7 9. Rb1 Qe7 10. Nd2 e5 11. Bxb7 Bxb7 12. Rxb7 Rac8 13. Rxa7 f4 14. c5 e4 15. cxd6 cxd6 16. Qb3+ Kh8 17. Ba3 e3 18. Nf3 exf2+ 19. Rxf2 Ne4 20. Rg2 Nxc3 21.
Ne5 fxg3 22. Rxd7 Qh4 23. Nf7+ Rxf7 24. Qxf7 Qxd4+ 25. Kh1 Nb5 26. hxg3 Nxa3 27. Rf2 h6 28. Kh2 Nc2 29. Re7 Ne3 30. Re8+ Rxe8 31. Qxe8+ Kh7 32. Qf7 Ng4+ 33. Kg2 Ne3+ 34. Kg1 Qa1+ 35. Kh2 Qe5 36. Qf4 Qh5+ 37. Kg1 Qc5 38. Qe4+ Kg8 39. Kh2 d5 40. Qe6+ Kh7 41. Qf7 1-0

[Event "Early-Titled-Tuesday-Blitz-February-13-2024"]
[Site "Chess.com"]
[Date "2024.02.13"]
[Round "10"]
[White "NikitaShnadrygin"]
[Black "HajiyevKanan"]
[Result "0-1"]
[WhiteElo "2623"]
[BlackElo "2527"]
[TimeControl "180+1"]
[EndTime "9:59:37 PST"]
[Termination "HajiyevKanan won by checkmate"]

1. e4 c6 2. d4 d5 3. f3 Qb6 4. Nc3 e6 5. Nge2 Nf6 6. Be3 Qxb2 7. Rb1 Qa3 8. g3 dxe4 9. Rb3 Qa5 10. fxe4 Nxe4 11.
Bg2 Nxc3 12. Nxc3 Bb4 13. Bd2 O-O 14. O-O Nd7 15. Qg4 f5 16. Qe2 Nf6 17. Rfb1 Bxc3 18. Rxc3 Qxa2 19. Rcb3 Qxc2 20. R1b2 Qxb2 21. Rxb2 a5 22.
Ra2 a4 23. Qc4 Nd5 24. Bxd5 exd5 25. Qb4 Re8 26. Bf4 b5 27. Be5 Re6 28. Qc5 h6 29.
Qb6 Rg6 30. Qc7 Kh7 31. Kf2 b4 32. Qb6 b3 33. Ra3 f4 34. Bxf4 Bf5 35. Qc5 Bd3 36.
Qc3 Bb5 37. Ra1 Rf8 38. Rb1 Re6 39. Kg1 Re2 40. h4 Rfe8 41. h5 R8e4 42. Qb4 Rc2 43. Be5 Ree2 44. Qe7 Rg2+ 45. Kh1 Rh2+ 46. Kg1 Rcg2# 0-1

[Event "Early-Titled-Tuesday-Blitz-February-13-2024"]
[Site "Chess.com"]
[Date "2024.02.13"]
[Round "10"]
[White "Der_Balak_3Halak"]
[Black "IngOscarArdila"]
[Result "1-0"]
[WhiteElo "2448"]
[BlackElo "2297"]
[TimeControl "180+1"]
[EndTime "9:59:37 PST"]
[Termination "Der_Balak_3Halak won by resignation"]

1. Nf3 Nf6 2. g3 g6 3. Bg2 Bg7 4. O-O O-O 5. d3 d6 6. e4 e5 7. Nbd2 Nbd7 8. a4 a5 9. Nc4 Nc5 10. h3 Bh6 11. Bxh6 Re8 12. Ne3 Bd7 13. Bg5 Ne6 14. Bh6 Qc8 15. Nd5 Nxd5 16. exd5 Ng7 17. Bxg7 Kxg7 18. Kh2 f5 19. Re1 h6 20. Qd2 Qd8 21.
c4 b6 22. b3 Qf6 23. Ra2 Rf8 24. Qc3 Kh7 25. Rae2 Qf7 26. Nxe5 dxe5 27. d6 cxd6 28.
Bxa8 Rxa8 29. d4 e4 30. d5 g5 31. Qd4 Rb8 32. Rf1 Qg7 33. Qxg7+ Kxg7 34. f3 Re8 35. fxe4 fxe4 36. g4 h5 37. Kg3 hxg4 38. hxg4 e3 39.
Rfe1 Re4 40. Rxe3 Rxg4+ 41. Kf2 Rf4+ 42. Rf3 Rxf3+ 43. Kxf3 Kf6 44. Rh1 Bf5 45. Rh6+ Ke7 46. Ke3 Bc2 47. Kd4 Bxb3 48. Rg6 Bxa4 49. Rxg5 Bb3 50.
Rg7+ Kd8 51. Rb7 a4 52. Rxb6 Kc7 53. Rb4 Bc2 54. Kc3 Bd1 55. Rb1 Be2 56. Kb4 Bd3 57. Rc1 a3 58. Kxa3 Kb6 59. Kb4 Be2 60. Re1 Bg4 61. Rg1 Bf5 62. Rg5 Bh3 63. Rg6 Kc7 64.
c5 dxc5+ 65. Kxc5 Kd7 66. Rg7+ Kd8 67. Kd6 Ke8 68. Rg8+ Kf7 69. Rh8 Bg2 70. Ke5 Ke7 71. d6+ Kf7 72. d7 1-0

[Event "Early-Titled-Tuesday-Blitz-February-13-2024"]
[Site "Chess.com"]
[Date "2024.02.13"]
[Round "10"]
[White "Elsa167"]
[Black "Hanging_pointer"]
[Result "0-1"]
[WhiteElo "2894"]
[BlackElo "2669"]
[TimeControl "180+1"]
[EndTime "9:59:38 PST"]
[Termination "Hanging_pointer won on time"]

1. e4 c6 2. d4 d5 3. e5 Bf5 4. g4 Bc8 5. f4 e6 6. Nf3 h5 7. gxh5 Nh6 8. Bd3 c5 9. c3 Nc6 10. Be3 Ng4 11. Bg1 Rxh5 12. Ng5 Rh4 13. Qf3 Be7 14.
Nd2 cxd4 15. cxd4 Nb4 16. Bb1 Bxg5 17. fxg5 Qxg5 18. a3 Nc6 19. Bd3 Bd7 20. O-O-O Ngxe5 21. dxe5 Nxe5 22. Qe2 Nxd3+ 23. Qxd3 Rc8+ 24. Kb1 e5 25.
Nf3 Rh3 26. Nxg5 Rxd3 27. Rxd3 Bf5 28. Bxa7 Bxd3+ 29. Ka2 f6 30. Ne6 d4 31. Nxg7+ Kf7 32.
Nh5 Rc2 33. Bb6 Ke6 34. Bd8 f5 35. h4 Bc4+ 36. Kb1 Rg2 37. Bg5 f4 38. Bxf4 Be2 39. Bxe5 Kxe5 40. Re1 d3 41. Kc1 Kd4 42. Nf4 Rh2 43.
Nxe2+ dxe2 44. Kd2 b5 45. Rxe2 Rxh4 46. Re8 Kc5 47. Kc3 Rh3+ 48. Kc2 Kc6 49. Re6+ Kc5 50. b4+ Kd5 51. Ra6 Kc4 0-1

[Event "Early-Titled-Tuesday-Blitz-February-13-2024"]
[Site "Chess.com"]
[Date "2024.02.13"]
[Round "10"]
[White "ProfessorChess101"]
[Black "colegiodemadrid"]
[Result "1-0"]
[WhiteElo "2801"]
[BlackElo "2565"]
[TimeControl "180+1"]
[EndTime "9:59:38 PST"]
[Termination "ProfessorChess101 won on time"]

1. d4 d5 2. c4 c6 3. cxd5 cxd5 4. Nc3 e5 5. dxe5 d4 6. Ne4 Qa5+ 7. Nd2 Nc6 8. g3 h5 9. h4 Nh6 10. Nf3 Ng4 11. Bg2 Be6 12. O-O O-O-O 13. a3 Be7 14.
Ne4 Ngxe5 15. Bf4 Ng4 16. b4 Qd5 17. Nfg5 Qb3 18. Nxe6 Qxd1 19. Rfxd1 fxe6 20. b5 e5 21. Bd2 Nb8 22. Rac1+ Kd7 23. Bh3 Ke8 24. Rc7 Rd7 25. Rdc1 Bxa3 26. Rc8+ Rd8 27. R1c7 Rf8 28. Rxd8+ Kxd8 29. Rxg7 Nd7 30. f3 Ngf6 31. Ng5 Re8 32. g4 hxg4 33.
fxg4 e4 34. Bf4 Nd5 35. Bg3 d3 36. exd3 exd3 37. Nf3 Re2 38. g5 d2 39. Rxd7+ Ke8 40. Rxd5 1-0

[Event "Early-Titled-Tuesday-Blitz-February-13-2024"]
[Site "Chess.com"]
[Date "2024.02.13"]
[Round "10"]
[White "Harry_Rakkel"]
[Black "Dinamo3"]
[Result "1-0"]
[WhiteElo "2682"]
[BlackElo "2530"]
[TimeControl "180+1"]
[EndTime "9:59:41 PST"]
[Termination "Harry_Rakkel won on time"]

1. e4 c5 2. Nf3 Nc6 3. d4 cxd4 4. Nxd4 g6 5. c4 Nf6 6. Nc3 Nxd4 7. Qxd4 d6 8. Be2 Bg7 9. O-O O-O 10. Qd3 a5 11.
Bd2 a4 12. Kh1 Nd7 13. Qg3 Nc5 14. f3 Be6 15. Rab1 Qb6 16. Qh4 Bf6 17. Bg5 Bxg5 18. Qxg5 Qc7 19. f4 f6 20. Qg3 Kh8 21. Rbd1 Nd7 22.
Nb5 Qc5 23. Rc1 Rac8 24. Qd3 Qb4 25. Nd4 Bf7 26. b3 axb3 27. axb3 Nc5 28. Qe3 Ra8 29.
e5 Kg7 30. h4 Ra3 31. Rb1 Bxc4 32. exd6 Bxe2 33. dxe7 Re8 34. Nxe2 Nxb3 35. Ng3 Rxe7 36. Qf3 Qa4 37. Qg4 Qa5 38. f5 Ra4 39. Nh5+ Kf7 40.
fxg6+ hxg6 41. Rxf6+ Ke8 42. Qxg6+ Kd7 43. Qd3+ Nd4 44.
Ng3 Qd5 45. Rf4 1-0

[Event "Early-Titled-Tuesday-Blitz-February-13-2024"]
[Site "Chess.com"]
[Date "2024.02.13"]
[Round "10"]
[White "Kotofeyca"]
[Black "Kostukov_Alex"]
[Result "1-0"]
[WhiteElo "2400"]
[BlackElo "2253"]
[TimeControl "180+1"]
[EndTime "9:59:41 PST"]
[Termination "Kotofeyca won on time"]

1. d4 g6 2. c4 Bg7 3. Nc3 d6 4. e4 e5 5. Nge2 exd4 6. Nxd4 Nc6 7. Be3 Nge7 8. Be2 O-O 9. O-O f5 10. Nxc6 bxc6 11. Qd2 fxe4 12. Nxe4 Nf5 13. Bg5 Qe8 14. Bd3 Be6 15. Rae1 Qf7 16. b3 c5 17. Nc3 h6 18.
Bf4 g5 19. Bg3 Rae8 20. Be4 Nd4 21.
Bd5 c6 22. Bxe6 Rxe6 23. Rxe6 Qxe6 24. Re1 Qg6 25. Ne4 Rd8 26. Qa5 Re8 27. Nxd6 Rxe1+ 28. Qxe1 h5 29. Qe8+ Kh7 30. Qxg6+ Kxg6 31. Nb7 Bf8 32.
Bb8 a6 33. Ba7 Ne2+ 34. Kf1 Nc3 35. Bxc5 Bxc5 36. Nxc5 Nxa2 37. Nxa6 Nc1 38. Nc5 Kf5 39. Ke1 Na2 40. Nd3 Ke4 41. Kd2 Kd4 42. Kc2 c5 43. f3 h4 44. g3 Ke3 45. f4 gxf4 46. gxf4 Ke4 47. Kb2 1-0

[Event "Early-Titled-Tuesday-Blitz-February-13-2024"]
[Site "Chess.com"]
[Date "2024.02.13"]
[Round "10"]
[White "ViIIagra"]
[Black "Kirill_Klukin"]
[Result "1-0"]
[WhiteElo "2971"]
[BlackElo "2817"]
[TimeControl "180+1"]
[EndTime "9:59:44 PST"]
[Termination "ViIIagra won by resignation"]

1. Nf3 c5 2. e3 Nf6 3. d4 d5 4.
dxc5 e6 5. b4 a5 6. c3 axb4 7.
cxb4 b6 8. a4 bxc5 9. b5 Bd6 10.
Be2 O-O 11. O-O Bb7 12. Bb2 Nbd7 13. Nbd2 Bc7 14. Qc2 Qe7 15. Bc3 Rfc8 16. a5 d4 17. exd4 cxd4 18. Nxd4 Bxa5 19. Nc6 Bxc6 20. Bxf6 Nxf6 21.
bxc6 Bxd2 22. Rxa8 Rxa8 23. Qxd2 Nd5 24. Bf3 Rd8 25.
Qa5 Qc7 26. Qc5 Rc8 27. Rc1 Nf4 28. Qc4 g6 29. g3 Nh3+ 30. Kg2 Ng5 31. Be2 e5 32.
Bg4 Rb8 33. h4 h5 34. hxg5 hxg4 35. Qxg4 Rd8 36. Qe4 Rd4 37. Qf3 Rd6 38. Rc5 Re6 39. Qd5 Kg7 40. Qc4 e4 41. Qd4+ Kh7 42. Qd7 Qxd7 43. cxd7 Rd6 44. Rc7 Kg7 45. Kf1 Rd3 46. Ke2 Kf8 47. Rc8+ Ke7 48. d8=Q+ Rxd8 49. Rxd8 Kxd8 50.
Ke3 Ke7 51. Kxe4 Ke6 52. g4 Kd6 53. f4 Ke6 54. f5+ Kd6 55. Kd4 Kd7 56. Kd5 Ke7 57. Ke5 Ke8 58. Kf6 gxf5 59. gxf5 Kf8 60. g6 Kg8 61.
gxf7+ Kf8 62. Kg6 1-0

[Event "Early-Titled-Tuesday-Blitz-February-13-2024"]
[Site "Chess.com"]
[Date "2024.02.13"]
[Round "10"]
[White "KorolDimitriy75"]
[Black "viktorskliarov"]
[Result "0-1"]
[WhiteElo "2427"]
[BlackElo "2602"]
[TimeControl "180+1"]
[EndTime "9:59:44 PST"]
[Termination "viktorskliarov won on time"]

1. d4 g6 2. c4 Bg7 3. Nf3 d6 4. Nc3 Bg4 5. e3 Nf6 6. Be2 O-O 7. O-O c6 8. Rb1 a5 9. b3 Nbd7 10. Bb2 Qc7 11. Re1 Rfe8 12. e4 Bxf3 13. Bxf3 e5 14.
d5 Nc5 15. Qd2 h6 16. h3 Kh7 17. g3 Nfd7 18. Bg2 Nb6 19. Bf1 Ncd7 20. Kh2 Nf6 21. Rbc1 h5 22. Qd3 a4 23. b4 a3 24. Ba1 Na4 25. Nxa4 Rxa4 26. Bc3 c5 27. bxc5 Qxc5 28. Kg2 Rc8 29. Rb1 b6 30. Bd2 Bh6 31. Rb5 Qc7 32.
Bb4 Nd7 33. Qb3 Bf8 34. Qxa4 Kg7 35. Qb3 f5 36. Bd3 f4 37. Bxa3 Be7 38. Bb4 Rf8 39. a4 f3+ 40. Kh2 h4 41. g4 Bg5 42. Bf1 Bf4+ 43. Kh1 Nf6 44. Qxf3 Nh7 0-1

[Event "Early-Titled-Tuesday-Blitz-February-13-2024"]
[Site "Chess.com"]
[Date "2024.02.13"]
[Round "10"]
[White "Caroexpert"]
[Black "Elegance_Riks"]
[Result "0-1"]
[WhiteElo "2546"]
[BlackElo "2758"]
[TimeControl "180+1"]
[EndTime "9:59:46 PST"]
[Termination "Elegance_Riks won by checkmate"]

1. d4 Nf6 2. c4 e6 3. Nc3 d5 4.
Nf3 a6 5. c5 b6 6. cxb6 cxb6 7.
Bf4 Bd6 8. e3 O-O 9. Bd3 Bxf4 10. exf4 Bb7 11. O-O Nc6 12. Rc1 Rc8 13. Ne5 h6 14.
Bb1 b5 15. Qd3 Nb4 16. Qe2 Qb6 17. Rfd1 Rc7 18. a3 Nc6 19. Qd3 Rfc8 20. g4 Nxe5 21. fxe5 Ne4 22. Ne2 Rxc1 23. Nxc1 g6 24. f3 Ng5 25. h4 Qxd4+ 26. Qxd4 Nxf3+ 27. Kf2 Nxd4 28. Nd3 Nb3 29. Ba2 Nc5 30. Nf4 Ne4+ 31. Ke3 Kg7 32. h5 Rc2 33. hxg6 Rxb2 34. Bb1 Nc3 35. gxf7 Kxf7 36. Bg6+ Ke7 37. Rf1 Rb3 38. Kd4 Rxa3 39. Bh5 Ne4 40. Ng6+ Kd8 41. Rf8+ Kc7 42. Rf7+ Kb6 43.
Re7 Ra4+ 44. Ke3 Nc5 45. Nf8 d4+ 46. Kd2 Bd5 47. Bf7 Ra2+ 48. Kd1 d3 49. Nxe6 Bf3+ 50. Kc1 d2+ 51. Kb1 d1=Q+ 52. Kxa2 Qa4+ 53. Kb2 Qb3+ 54.
Kc1 Qc3+ 55. Kb1 Be4+ 56. Ka2 Qc2+ 57. Ka1 Qb1# 0-1

[Event "Early-Titled-Tuesday-Blitz-February-13-2024"]
[Site "Chess.com"]
[Date "2024.02.13"]
[Round "10"]
[White "DonkyDonkyDonkey"]
[Black "Evgeny81"]
[Result "1/2-1/2"]
[WhiteElo "2942"]
[BlackElo "2764"]
[TimeControl "180+1"]
[EndTime "9:59:48 PST"]
[Termination "Game drawn - insufficient material"]

1. d4 d5 2. Nc3 Nf6 3. Bf4 e6 4.
Nb5 Na6 5. e3 Be7 6. Nf3 O-O 7.
a3 Bd7 8. Nc3 c5 9. Bxa6 bxa6 10. O-O Qb6 11. Rb1 Rfc8 12. Ne5 Be8 13. Qd2 Rab8 14.
Rfd1 Rb7 15. Qe2 cxd4 16. Na2 Bb5 17. Qf3 Rxc2 18. exd4 Be2 19. Qg3 Bxd1 20. Rxd1 Qxb2 21. Nb4 Bxb4 22. axb4 Qc3 23. Nd3 Ne4 24. Qh4 Qc8 25.
f3 Nc3 26. Re1 Ne2+ 27. Kh1 Nxf4 28. Qxf4 Rxb4 29. Nxb4 Rc4 30. Nd3 Qc7 31. Qxc7 Rxc7 32. Nc5 Rc6 33. f4 g6 34. Ra1 Rb6 35. h3 Rb4 36.
Ra4 Rxa4 37. Nxa4 Kg7 38. Kg1 Kf6 39. Kf2 g5 40. fxg5+ Kxg5 41. Kf3 a5 42. Nc5 h5 43.
g3 Kf5 44. g4+ hxg4+ 45. hxg4+ Kg5 46. Kg3 a4 47. Nxa4 f5 48. Nc5 fxg4 49. Nxe6+ Kf5 50. Nc5 a5 51. Na4 Ke4 52. Kxg4 Kxd4 53. Kf4 Kd3 54.
Ke5 d4 55. Kd5 Ke3 56. Kc4 d3 57. Nb2 d2 58. Kc3 Ke2 59. Kb3 a4+ 60. Kxa4 d1=Q+ 61. Nxd1 1/2-1/2

[Event "Early-Titled-Tuesday-Blitz-February-13-2024"]
[Site "Chess.com"]
[Date "2024.02.13"]
[Round "10"]
[White "cthulhuuu"]
[Black "Yan_Dyomin2010"]
[Result "0-1"]
[WhiteElo "2443"]
[BlackElo "2605"]
[TimeControl "180+1"]
[EndTime "9:59:48 PST"]
[Termination "Yan_Dyomin2010 won by resignation"]

1. e4 c5 2. Nf3 Nc6 3. g3 g6 4. Bg2 Bg7 5. O-O d6 6. d3 Nf6 7. Re1 O-O 8. e5 dxe5 9. Nxe5 Nxe5 10. Rxe5 Ng4 11. Re2 Ne5 12. h3 Nc6 13. c3 Be6 14.
Be3 Bd5 15. Rd2 Bxg2 16. Kxg2 Qd5+ 17. Qf3 Qxf3+ 18. Kxf3 b6 19. a4 Rfd8 20. Na3 Rd7 21. Nc4 Rad8 22. Ke2 e6 23. f4 e5 24. g4 exf4 25. Bxf4 Re8+ 26. Kf2 Nd8 27. a5 b5 28.
Nd6 Re6 29. Nxb5 Rf6 30. Kg3 Rxf4 31. Kxf4 Bh6+ 32. g5 Ne6+ 33. Kg3 Bxg5 34. Rdd1 Rb7 35. Nd6 Bf4+ 36. Kf3 Bxd6 37. b4 cxb4 38. cxb4 Rxb4 39. Rdb1 Nd4+ 40. Ke4 Nb3+ 41. Kd5 Nxa1 42. Rxa1 Be7 43. a6 Bd8 44. d4 Bb6 45. Rd1 f5 46. Ke5 f4 47. d5 f3 48. d6 f2 49. d7 Kg7 50. Rf1 Rb2 51. Ke6 Re2+ 52. Kd5 g5 53. Kc6 h5 54. Kb7 g4 55. hxg4 hxg4 56. d8=Q Bxd8 57.
Kxa7 g3 58. Ka8 g2 59. Rb1 f1=Q 60. Rxf1 gxf1=Q 61. a7 Qf3+ 0-1

[Event "Early-Titled-Tuesday-Blitz-February-13-2024"]
[Site "Chess.com"]
[Date "2024.02.13"]
[Round "10"]
[White "Happy1712Drummer"]
[Black "ChEsper99"]
[Result "1-0"]
[WhiteElo "2374"]
[BlackElo "2220"]
[TimeControl "180+1"]
[EndTime "9:59:48 PST"]
[Termination "Happy1712Drummer won by resignation"]

1. e4 c5 2. Nf3 d6 3. Bb5+ Nd7 4. O-O Nf6 5. Re1 a6 6. Bxd7+ Bxd7 7. c3 e6 8. d4 cxd4 9. cxd4 d5 10. e5 Ne4 11.
Nbd2 Nxd2 12. Bxd2 Be7 13. a4 a5 14. g3 O-O 15. h4 h6 16. Nh2 Qb6 17. Qg4 Kh7 18. Qh5 Qxd4 19. Bf4 f5 20. exf6 Qxf6 21. Ng4 Qf5 22. Qxf5+ Rxf5 23. Ne3 Rxf4 24. gxf4 Bxh4 25. Rac1 Bxa4 26. Ng2 Bf6 27. Rxe6 Bxb2 28. Rc7 b5 29. f5 b4 30. f6 Rf8 31. Rxg7+ Kh8 32. Rg6 Rf7 33.
Nh4 Bc2 34. Rxh6+ Kg8 35. Re8+ Rf8 36. Rxf8+ Kxf8 37. Rh8+ Kf7 38. Ra8 Kxf6 39. Rxa5 b3 40. Nf3 Be4 41. Nd2 Bc3 42. Nxe4+ dxe4 43. Rb5 b2 44.
Kf1 Be5 45. Ke2 Kf5 46. Ke3 Kf6 47. Kxe4 Bc3 48. Rb3 Be5 49. Rb6+ Bd6 50. Rxd6+ 1-0

[Event "Early-Titled-Tuesday-Blitz-February-13-2024"]
[Site "Chess.com"]
[Date "2024.02.13"]
[Round "10"]
[White "ama18"]
[Black "Gabrielian_Artur"]
[Result "1-0"]
[WhiteElo "2613"]
[BlackElo "2788"]
[TimeControl "180+1"]
[EndTime "9:59:49 PST"]
[Termination "ama18 won by resignation"]

1. Nf3 Nf6 2. b3 g6 3. e3 Bg7 4. Bb2 O-O 5. d4 d6 6. Be2 b6 7. c4 Bb7 8. Nc3 Nbd7 9. Qc2 e5 10. dxe5 Nxe5 11. Nxe5 dxe5 12. O-O Qe7 13. Rad1 Rfd8 14. a3 h5 15. b4 a6 16. h3 Qe6 17. Na4 Be4 18. Qb3 Qf5 19. Rxd8+ Rxd8 20. Rd1 Rd7 21.
Rxd7 Nxd7 22. Bd1 Qe6 23. Nc3 Bb7 24. Nd5 Qd6 25. Bf3 c6 26. Nxb6 Nxb6 27. c5 Qd8 28. cxb6 Qxb6 29. Qc4 Qb5 30. Be2 Qd5 31. Qc2 Qd6 32.
Bc4 Kf8 33. Bc3 Bf6 34. Qe2 e4 35. Bxf6 Qxf6 36. Bxa6 Qa1+ 37. Kh2 Qe5+ 38. g3 Bxa6 39. Qxa6 Qb2 40. Kg2 Qf6 41. Qc4 Qf3+ 42. Kg1 Qd1+ 43. Kh2 Qf3 44. Qc2 g5 45. a4 h4 46. Qd2 hxg3+ 47.
fxg3 Qf6 48. a5 Qa1 49. Qd8+ Kg7 50. Qxg5+ Kf8 51. Qd8+ Kg7 52. Qd4+ 1-0

[Event "Early-Titled-Tuesday-Blitz-February-13-2024"]
[Site "Chess.com"]
[Date "2024.02.13"]
[Round "10"]
[White "soloderisas"]
[Black "Kildepiotr"]
[Result "1-0"]
[WhiteElo "2552"]
[BlackElo "2690"]
[TimeControl "180+1"]
[EndTime "9:59:49 PST"]
[Termination "soloderisas won by resignation"]

1. d4 c5 2. c3 Nf6 3. Nf3 d5 4. Bf4 Bf5 5. e3 Nbd7 6. Nbd2 e6 7. Nh4 Bg6 8. Nxg6 hxg6 9. h3 Qb6 10. Qb3 c4 11. Qc2 Qc6 12. Be2 Be7 13. O-O b5 14. Bf3 O-O 15. e4 a5 16. Rfe1 Rfe8 17. exd5 exd5 18.
Re2 Bf8 19. Rae1 Rxe2 20. Rxe2 b4 21. Nf1 Qb5 22. Ne3 b3 23. axb3 cxb3 24. Qc1 Nb6 25. c4 Rc8 26. c5 Nbd7 27. Qd1 Qb7 28. Qd3 a4 29. Re1 Rd8 30. Ra1 Qc6 31. Qc3 Ne4 32. Bxe4 dxe4 33. Qc4 Ra8 34. Rc1 Rc8 35. Nd5 Qe6 36. c6 Nf6 37. Nb6 Qf5 38. Nxc8 Qxf4 39. c7 a3 40. Ne7+ Bxe7 41. c8=Q+ Kh7 42. bxa3 b2 43. Rb1 e3 44. Rxb2 Bd6 45. g3 exf2+ 46. Rxf2 Qxg3+ 47. Kf1 Ne4 48. Qe2 Qxh3+ 49. Qxh3+ 1-0

[Event "Early-Titled-Tuesday-Blitz-February-13-2024"]
[Site "Chess.com"]
[Date "2024.02.13"]
[Round "10"]
[White "kleopl"]
[Black "TregubovP"]
[Result "0-1"]
[WhiteElo "2531"]
[BlackElo "2685"]
[TimeControl "180+1"]
[EndTime "9:59:49 PST"]
[Termination "TregubovP won by resignation"]

1. e4 c5 2. Nf3 e6 3. c3 d5 4. exd5 exd5 5. d4 Nc6 6. Bb5 Bd6 7. Qe2+ Ne7 8. O-O O-O 9. dxc5 Bxc5 10. Be3 Bd6 11.
Nbd2 Bg4 12. h3 Bh5 13. Qd3 Bg6 14. Qe2 Nf5 15. Bg5 Qb6 16. Bxc6 bxc6 17. Nb3 h6 18. Bd2 Rfe8 19. Qd1 c5 20. Qc1 a5 21. g4 Ne7 22.
Be3 a4 23. Nbd2 Nc6 24. b4 Rxe3 25. fxe3 cxb4 26. cxb4 Qxe3+ 27. Kg2 Nxb4 28. Re1 Qf4 29. Nf1 Nd3 30. Qxf4 Nxe1+ 31. Rxe1 Bxf4 32. Rd1 Rb8 33. Rxd5 Rb2+ 34. Kg1 Rxa2 35. Nh4 Be4 36. Rd4 Bg5 37. Rxe4 Bxh4 38. Re8+ Kh7 39. Ra8 a3 40. Ra6 Bf2+ 41. Kg2 Bc5+ 42. Kg3 Rf2 43. Nh2 Rb2 44. Nf3 a2 45.
Ne5 Rb3+ 46. Kg2 Ra3 47. Rc6 a1=Q 48. Nxf7 Qb2+ 0-1

[Event "Early-Titled-Tuesday-Blitz-February-13-2024"]
[Site "Chess.com"]
[Date "2024.02.13"]
[Round "10"]
[White "JEIGOTH"]
[Black "marik_spb"]
[Result "1/2-1/2"]
[WhiteElo "2312"]
[BlackElo "2466"]
[TimeControl "180+1"]
[EndTime "9:59:49 PST"]
[Termination "Game drawn by repetition"]

1. d4 Nf6 2. Nf3 b6 3. e3 Bb7 4. Bd3 d5 5. O-O Nbd7 6. c3 e6 7. Qe2 Bd6 8. Nbd2 O-O 9. e4 dxe4 10. Nxe4 Nxe4 11. Bxe4 Bxe4 12. Qxe4 c5 13. Rd1 Qc7 14. Be3 Nf6 15. Qh4 Nd5 16. dxc5 Bxc5 17. Bxc5 Qxc5 18.
Ng5 h6 19. Ne4 Qc7 20. Rd3 Qf4 21. Qxf4 Nxf4 22. Rd7 b5 23. Rad1 Nd5 24. Nd6 a6 25. g3 Rfd8 26. Rxd8+ Rxd8 27. Ne4 Kf8 28. f4 Ke7 29.
Nc5 Rc8 30. Nd3 a5 31. Kf2 b4 32. cxb4 axb4 33. Rd2 Ra8 34. b3 g5 35. fxg5 hxg5 36. Ne5 Kf6 37. Nd3 Kf5 38. h3 Nc3 39. Ke3 Rxa2 40.
Nxb4 Rxd2 41. Kxd2 Ne4+ 42. Ke3 Nxg3 43. Nd3 Ne4 44. b4 Nd6 45. Kd4 f6 46. Kc5 Ne4+ 47.
Kd4 e5+ 48. Kd5 Nc3+ 49. Kc4 Ne4 50. Kd5 Nc3+ 51. Kc6 Na4 52. Kb5 Nc3+ 53. Kc4 Ne4 54. Kd5 1/2-1/2

[Event "Early-Titled-Tuesday-Blitz-February-13-2024"]
[Site "Chess.com"]
[Date "2024.02.13"]
[Round "10"]
[White "GlavkonVVS"]
[Black "Roedor"]
[Result "1-0"]
[WhiteElo "2560"]
[BlackElo "2293"]
[TimeControl "180+1"]
[EndTime "9:59:50 PST"]
[Termination "GlavkonVVS won by checkmate"]

1. c4 Nf6 2. Nc3 g6 3. Nf3 Bg7 4. d4 d5 5. cxd5 Nxd5 6. Qb3 Nb6 7. e4 O-O 8. Be3 Be6 9. d5 Bg4 10. a4 c6 11. a5 N6d7 12. Qxb7 cxd5 13. Qxa8 Bxf3 14.
Qxd5 Qc8 15. Rc1 Nf6 16. Qa8 Bg4 17. f3 Be6 18. Be2 Qd7 19. Qxa7 Qe8 20. O-O Nc6 21. Qc5 Qa8 22. a6 Nd7 23. Qa3 Nd4 24. Rfd1 Nxe2+ 25. Nxe2 Ne5 26. b3 f5 27. Nd4 Bc8 28. exf5 Bxa6 29. Ne6 Nxf3+ 30. Kh1 Nh4 31. Rg1 Rxf5 32. Nxg7 Kxg7 33.
Qxe7+ Rf7 34. Bd4+ Kg8 35. Qxh4 Bb7 36. Qg3 h5 37.
Qxg6+ Kf8 38. Bc5+ Ke8 39. Rge1+ Kd8 40. Bb6+ Rc7 41.
Qe8# 1-0